← All builds
Front / Armada / Economy first / OBSERVED BUILD

Standard front

Armada Front build order · Supreme Isthmus

Standard economy-first Front play: Bot Lab and Vehicle Plant up immediately, units trickle to the coast and middle, with an Advanced Metal Extractor around 9:00 as the eco transition.

#eco · 1699 distinct matches · 247 players · 74% of Armada Front games · team won 61% of 1993 · Recently observed

HOW TO PLAY IT

Key timing: T2 constructor by 7:43

  1. Open mex and wind, drop Bot Lab and Vehicle Plant almost immediately.
  2. Pump Blitz, Rocketeer and Pawn to the coast to stop leaks first.
  3. Add Centurion and Janus once first units are moving up.
  4. Form units into a line pushing toward middle as numbers grow.
  5. Upgrade to Advanced Metal Extractor as the economy transition kicks in.

Phase by phase

TYPICAL OF ITS 1699 GAMES
  1. 1
  2. 2
  3. 3
PLAY THE OPENING

Follow the example game's first 6:00 step by step: what to build now, what comes next, and where it goes. At 1× it keeps pace with your own game.

  1. 1

    Up to the Bot Lab

    Economy
    • Metal Extractor2Mex
    Order
    1. Bot LabBot Lab after 2 mex, 1 winddone ~0:44, middle half 0:33–0:54

    Some games also: wind (48%) · Vehicle Plant (35%)

    By 0:28 in all: 2 mex

    The example game in this phase · 2 steps
    1. Mex ×2
    2. Bot LabBot Labdone 0:33 · typical 0:44
  2. 2

    Bot Lab to 5:00

    Economy
    • Metal Extractor4Mex
    • Wind Turbine3Wind
    Builders
    • Construction Bot1 Con bot
    Army
    • Sentry1 Sentry
    • Rocketeer6 Rocketeer

    Some games also: Lazarus (49%) · tick (46%) · centurion (40%) · con vehicle (32%) · janus (32%)

    By 5:00 in all: 6 mex · 6 wind

    The example game in this phase · 41 steps
    1. PawnPawn
    2. Wind ×3
    3. PawnPawn
    4. Mex
    5. Construction BotCon bot
    6. PawnPawn ×3
    7. Mex
    8. Construction BotCon bot
    9. RocketeerRocketeer
    10. Mex
    11. RocketeerRocketeer ×3
    12. Mex
    13. RocketeerRocketeer ×4
    14. Radar TowerRadar Tower
    15. RocketeerRocketeer ×2
    16. SentrySentry
    17. TickTick
    18. Construction BotCon bot
    19. SentrySentry
    20. Construction BotCon bot
    21. RocketeerRocketeer ×2
    22. Wind
    23. Dragon's TeethDragon's Teeth
    24. RocketeerRocketeer
    25. Dragon's TeethDragon's Teeth ×4
    26. RocketeerRocketeer
    27. Dragon's TeethDragon's Teeth ×4
    28. RocketeerRocketeer
    29. Dragon's TeethDragon's Teeth
    30. Wind
    31. Dragon's TeethDragon's Teeth
    32. RocketeerRocketeer
    33. Dragon's TeethDragon's Teeth ×2
    34. RocketeerRocketeer ×2
    35. Dragon's TeethDragon's Teeth ×2
    36. Wind
    37. RocketeerRocketeer ×2
    38. TickTick
    39. Construction BotCon bot
    40. Wind
    41. RocketeerRocketeer
  3. 3

    5:00 to 10:00

    Economy
    • Metal Extractor1Mex
    • Wind Turbine14Wind
    Builders
    • Construction Turret2 Con turret
    Army
    • Sentry1 Sentry

    Some games also: rocketeer (46%) · energy storage (43%) · Lazarus (38%) · con bot (37%) · Radar Tower (36%)

    By 10:00 in all: 7 mex · 24 wind · 1 energy storage · 3 con turret

    The example game in this phase · 196 steps
    1. RocketeerRocketeer
    2. Dragon's TeethDragon's Teeth
    3. RocketeerRocketeer
    4. Wind
    5. RocketeerRocketeer ×4
    6. Wind
    7. RocketeerRocketeer
    8. Dragon's TeethDragon's Teeth ×4
    9. RocketeerRocketeer
    10. Dragon's TeethDragon's Teeth ×3
    11. RocketeerRocketeer
    12. Dragon's TeethDragon's Teeth ×3
    13. TickTick
    14. Dragon's TeethDragon's Teeth
    15. Construction BotCon bot
    16. Wind
    17. Dragon's TeethDragon's Teeth ×3
    18. RocketeerRocketeer ×2
    19. Dragon's TeethDragon's Teeth ×2
    20. RocketeerRocketeer
    21. Wind
    22. Dragon's TeethDragon's Teeth ×2
    23. RocketeerRocketeer
    24. Dragon's TeethDragon's Teeth ×2
    25. RocketeerRocketeer ×2
    26. Wind
    27. RocketeerRocketeer
    28. Wind
    29. RocketeerRocketeer
    30. Wind ×2
    31. GauntletGauntletdone 8:51
    32. RocketeerRocketeer
    33. Wind
    34. RocketeerRocketeer
    35. Wind ×3
    36. TickTick
    37. Construction BotCon bot
    38. Wind ×4
    39. RocketeerRocketeer
    40. Wind
    41. RocketeerRocketeer
    42. Wind ×2
    43. RocketeerRocketeer
    44. Wind
    45. Advanced Metal ExtractorT2 mexdone 10:01 · typical 9:01
    46. RocketeerRocketeer
    47. Wind ×3
    48. RocketeerRocketeer
    49. Wind ×2
    50. RocketeerRocketeer
    51. Mex
    52. Wind ×2
    53. TickTick
    54. Construction BotCon bot
    55. Wind
    56. Con turret
    57. Construction BotCon bot
    58. Wind ×4
    59. Dragon's TeethDragon's Teeth
    60. Con turret
    61. Dragon's TeethDragon's Teeth
    62. Wind ×2
    63. Dragon's TeethDragon's Teeth
    64. Advanced Metal ExtractorT2 mex
    65. Dragon's TeethDragon's Teeth
    66. Wind
    67. Dragon's TeethDragon's Teeth ×2
    68. Con turret
    69. Dragon's TeethDragon's Teeth
    70. Wind
    71. Dragon's TeethDragon's Teeth ×2
    72. Wind
    73. Dragon's TeethDragon's Teeth ×2
    74. Wind
    75. Dragon's TeethDragon's Teeth ×2
    76. Con turret
    77. Dragon's TeethDragon's Teeth
    78. Wind
    79. Dragon's TeethDragon's Teeth ×2
    80. Wind
    81. Dragon's TeethDragon's Teeth ×3
    82. Wind
    83. Dragon's TeethDragon's Teeth
    84. Con turret
    85. Dragon's TeethDragon's Teeth ×2
    86. Construction BotCon bot
    87. Dragon's TeethDragon's Teeth ×2
    88. Advanced Metal ExtractorT2 mex
    89. Converter
    90. Con turret
    91. Dragon's TeethDragon's Teeth
    92. Wind
    93. Dragon's TeethDragon's Teeth ×4
    94. Wind
    95. Dragon's TeethDragon's Teeth
    96. Construction BotCon bot
    97. Wind
    98. Converter
    99. Con turret
    100. Wind
    101. PawnPawn
    102. Wind
    103. Con turret
    104. PawnPawn
    105. Wind
    106. Converter
    107. Bot LabBot Labdone 12:28
    108. PawnPawn
    109. Wind ×2
    110. PawnPawn
    111. Converter
    112. PawnPawn
    113. Advanced Metal ExtractorT2 mex
    114. PawnPawn
    115. Converter
    116. PawnPawn ×2
    117. LazarusLazarus
    118. Wind
    119. PawnPawn
    120. Wind ×2
    121. PawnPawn ×2
    122. Wind
    123. PawnPawn
    124. Wind
    125. PawnPawn
    126. Wind
    127. PawnPawn
    128. Converter ×2
    129. PawnPawn ×2
    130. Wind
    131. LazarusLazarus
    132. Wind
    133. PawnPawn ×3
    134. Wind
    135. PawnPawn
    136. Wind
    137. LazarusLazarus
    138. PawnPawn ×4
    139. Wind
    140. PawnPawn
    141. Wind
    142. PawnPawn ×3
    143. LazarusLazarus
    144. PawnPawn
    145. Wind
    146. Converter
    147. Wind
    148. PawnPawn ×3
    149. Advanced Metal ExtractorT2 mex
    150. LazarusLazarus
    151. Wind
    152. PawnPawn
    153. Wind
    154. PawnPawn ×2
    155. Radar TowerRadar Tower
    156. PawnPawn
    157. Wind
    158. PawnPawn ×2
    159. Wind
    160. PawnPawn ×2
    161. Wind
    162. LazarusLazarus
    163. PawnPawn
    164. Wind
    165. Converter
    166. PawnPawn
    167. Wind
    168. PawnPawn ×2
    169. LazarusLazarus
    170. PawnPawn
    171. Wind
    172. PawnPawn
    173. Wind
    174. PawnPawn ×6
    175. Wind
    176. LazarusLazarus
    177. PawnPawn
    178. RattlesnakeRattlesnakenot finished by 15:00
    179. Wind
    180. PawnPawn ×3
    181. LazarusLazarus
    182. PawnPawn
    183. Wind
    184. PawnPawn
    185. Wind
    186. PawnPawn
    187. Converter
    188. PawnPawn ×2
    189. Wind
    190. PawnPawn
    191. Wind
    192. PawnPawn ×2
    193. LazarusLazarus
    194. Wind
    195. PawnPawn
    196. Wind

Counts are medians over the build's games: half of them build more, half fewer. The example game is Hunfore's (33 OS, 12/10/2026); pick another.

Team trades

IN AT LEAST 30% OF ITS GAMES

You hand over

Nothing regular.

You get

  • Tidal Generator4 Tidal from Pondfirst at 0:17 · in 68% of games
  • Advanced Construction Bot1 T2 con bot from Geo or Techfirst at 7:23 · in 64% of games

How it plays out

Typical game of this build, running totals by minute

Metal produced

010k20k30k
0:005:0010:0015:00

metal

Enemy metal destroyed

05k10k
0:005:0010:0015:00

metal

Own metal lost

05k10k
0:005:0010:0015:00

metal

1993 games.

Show as table
ByMetal produced: This buildEnemy metal destroyed: This buildOwn metal lost: This build
1:0033300
2:008402131
3:001618135108
4:002699522333
5:0038471127787
6:00503519231427
7:00624927142302
8:00753435443173
9:00897343264069
10:001053850054807
11:001237355335547
12:001452759766408
13:001685764686999
14:001922071637826
15:002185478688687
WHAT THE NUMBERS SAY

Standard Front play wins more often than Suicide front and produces more metal by 15:00 while losing less of it.

  • + Metal produced reaches 22627 by 15:00, well above Suicide front's 20142.
  • + Own metal lost is 8944 by 15:00, lower than enemy metal destroyed ratio of Suicide front.
  • − First unit lost already at 1:43, showing exposure despite the safer position.
  • − Blitz dominates army share at 25%, leaving fewer Centurion for anti-swarm.
THE EXAMPLE YOU ARE READING

Hunfore

32.7 OS · 12/10/2026

Open source match ↗

20 received units · includes a constructor
534 metal received · 36201 energy received

Allied construction assistance is unknown. Timings are observations, not a promise of solo reproducibility.

Typical milestones

Bot Lab0:44Middle 50%: 0:33–0:54 · n=1331
Vehicle Plant0:47Middle 50%: 0:41–1:14 · n=1285
Advanced Metal Extractor9:01Middle 50%: 8:09–10:15 · n=1563

Played most by

haaven107games of this buildHummell107games of this buildLeohvm93games of this buildTheGeneraI75games of this buildXad69games of this build